 Dungeon Crawl Stone Soup version 0.28.0-45-g0d030f2227 (webtiles) character file.

Game seed: 2933942857376358796

161 Ablot the Cutter (level 5, 0/47 HPs)
             Began as a Gnoll Chaos Knight on Apr 16, 2022.
             Was a Plaything of Xom.
             Slain by a goblin
             ... wielding a +0 dagger
              (3 damage)
             ... on level 4 of the Dungeon.
             The game lasted 00:03:30 (2528 turns).

Ablot the Cutter (Gnoll Chaos Knight)               Turns: 2528, Time: 00:03:30

Health: 0/47       AC:  4    Str: 13    XL:     5   Next: 42%
Magic:  7/7        EV: 12    Int: 18    God:    Xom [..*...]
Gold:   198        SH:  0    Dex: 14    Spells: 6/6 levels left

rFire   . . .      SeeInvis .   a - +0 short sword (chaos)
rCold   . . .      Faith    .   (no shield)
rNeg    . . .      Spirit   .   w - +0 leather armour of Paveuf {rElec Dex+3 Stlth+}
rPois   .          Reflect  .   q - +0 helmet
rElec   +          Harm     .   n - scarf {repulsion}
rCorr   .          Rampage  .   (no gloves)
Will    .....                   (no boots)
Stlth   +++.......              (no amulet)
HPRegen 0.15/turn               r - +6 ring of intelligence
MPRegen 0.10/turn               (no ring)

@: repel missiles
A: fangs 1, strong nose, distributed training
a: Renounce Religion


You were on level 4 of the Dungeon.
You worshipped Xom.
You were a toy of Xom.
You visited 1 branch of the dungeon, and saw 4 of its levels.

You collected 198 gold pieces.

Inventory:

Hand Weapons
 a - a +0 short sword of chaos (weapon)
Missiles
 c - 96 stones
 d - 42 bolts
 i - 15 arrows
 m - 5 boomerangs
 v - 3 poisoned darts (quivered)
Armour
 n - a scarf of repulsion (worn)
 q - a +0 helmet (worn)
 w - the +0 leather armour of Paveuf (worn) {rElec Dex+3 Stlth+}
   (You found it on level 3 of the Dungeon)

   Dex:       It affects your dexterity (+3).
   rElec:     It insulates you from electricity.
   Stlth:     It makes you more stealthy.
Jewellery
 r - a +6 ring of intelligence (left hand)
Scrolls
 e - 3 scrolls of teleportation {unknown}
 h - a scroll of holy word {unknown}
 k - a scroll of magic mapping {unknown}
 l - a scroll of noise {unknown}
 p - a scroll of fog {unknown}
 s - a scroll of blinking {unknown}
 t - a scroll of acquirement {unknown}
Potions
 f - a potion of degeneration {unknown}
 g - a potion of heal wounds {unknown}
 j - 2 potions of brilliance {unknown}
 o - a potion of attraction {unknown}
 u - a potion of haste {unknown}


   Skills:
 + Level 6.7 Fighting
 + Level 6.7 Short Blades
 + Level 1.4 Long Blades
 + Level 1.4 Axes
 + Level 1.4 Maces & Flails
 + Level 1.4 Polearms
 + Level 1.4 Staves
 + Level 1.4 Slings
 + Level 1.4 Bows
 + Level 1.4 Crossbows
 + Level 1.4 Throwing
 + Level 4.8 Armour
 + Level 3.0 Dodging
 + Level 1.4 Stealth
 + Level 1.4 Shields
 + Level 1.4 Unarmed Combat
 + Level 1.4 Spellcasting
 + Level 1.1 Conjurations
 + Level 1.1 Hexes
 + Level 1.1 Summonings
 + Level 1.1 Necromancy
 + Level 1.1 Translocations
 + Level 1.1 Transmutations
 + Level 1.1 Fire Magic
 + Level 1.1 Ice Magic
 + Level 1.1 Air Magic
 + Level 1.1 Earth Magic
 + Level 1.1 Poison Magic
 + Level 1.6 Invocations
 + Level 1.4 Evocations


You had 6 spell levels left.
You didn't know any spells.
Your spell library contained the following spells:

 Spells                   Type           Power      Damage    Failure   Level
 Freeze                   Ice            20%        1d4       14%         1
 Pain                     Necr           20%        1d5       14%         1
 Blink                    Tloc           10%        N/A       22%         2
 Frozen Ramparts          Ice            10%        1d3       41%         3
 Lesser Beckoning         Tloc           5%         N/A       41%         3
 Hailstorm                Conj/Ice       5%         3d4       82%         4
 Agony                    Necr           5%         N/A       99%         5
 Excruciating Wounds      Necr           2%         N/A       99%         5
 Manifold Assault         Tloc           5%         N/A       99%         5


Dungeon Overview and Level Annotations

Branches:
Dungeon (4/15)
 Temple: D:4-7

Altars:

Shops:
D:1 [


Innate Abilities, Weirdness & Mutations

You have very sharp teeth.
Your uncanny sense of smell can sniff out nearby items.
Your experience applies equally to all skills.


Message History

You kill the giant cockroach!
The hound skeleton bites you but does no damage.
The iguana bites you!
You are too injured to fight recklessly!
You are too injured to fight recklessly!
You closely miss the iguana. You bite the iguana, but do no damage.
The hobgoblin barely misses you. The hound skeleton closely misses you.
You hit the iguana.
The iguana is lightly wounded.
The iguana misses you. The hobgoblin barely misses you.
The hound skeleton misses you. The goblin hits you but does no damage.
You barely miss the iguana. You bite the iguana.
The iguana is lightly wounded.
The hound skeleton barely misses you. The iguana misses you.
The hobgoblin hits you but does no damage.
The goblin barely misses you.
You hit the iguana.
The iguana flickers and vanishes!
Deactivating autopickup; reactivate with Ctrl-A.
Xom thinks this is hilarious!
The hound skeleton bites you but does no damage.
Something bites you!
* * * LOW HITPOINT WARNING * * *
A shower of butterflies erupts from you!
The hobgoblin closely misses you. The goblin barely misses you.
You swap places.
The goblin hits you with a +0 dagger.
* * * LOW HITPOINT WARNING * * *
You see here 13 gold pieces.
Unknown command.
The hound skeleton bites your butterfly.
Your butterfly dies!
Your butterfly disappears in a puff of smoke!
The goblin hits you but does no damage.
You barely miss the hound skeleton. You bite the hound skeleton.
The hound skeleton is lightly damaged.
Something bites you.
* * * LOW HITPOINT WARNING * * *
The hound skeleton bites you.
* * * LOW HITPOINT WARNING * * *
You swap places.
The goblin hits you with a +0 dagger.
You die...

#.... . #....
..#.... .......
.......##
........######
.........#...#
....b.b.@....#
......{gg...###
......bZ......#
..##..#.b......#
. ####........#
.....b...#
........###
..$.....##
#.......##


You could see a hobgoblin, a goblin and a hound skeleton.

Vanquished Creatures
  A black bear (D:3)
  A howler monkey skeleton (D:3)
  2 worms (D:2)
  2 dart slugs (D:1)
  An orc (D:2)
  6 bats
  3 endoplasms
  2 giant cockroaches
  9 hobgoblins
  4 kobolds
  3 quokkas
  3 ball pythons
  7 goblins
  4 rats
48 creatures vanquished.

Notes
Turn   | Place    | Note
-------+----------+-------------------------------------------
     0 | D:1      | Ablot the Gnoll Chaos Knight began the quest for the Orb.
     0 | D:1      | Reached XP level 1. HP: 23/23 MP: 1/1
   137 | D:1      | Reached XP level 2. HP: 29/29 MP: 2/2
   223 | D:1      | Found a faded altar of an unknown god.
   432 | D:1      | XOM: silly message
   492 | D:1      | Reached XP level 3. HP: 35/35 MP: 3/3
   672 | D:1      | Found Sirelan's Antique Armour Shoppe.
   756 | D:1      | XOM: divination: magic mapping
   896 | D:2      | Reached skill level 1 in Invocations
  1087 | D:2      | Reached skill level 1 in Long Blades
  1087 | D:2      | Reached skill level 1 in Axes
  1087 | D:2      | Reached skill level 1 in Maces & Flails
  1087 | D:2      | Reached skill level 1 in Polearms
  1087 | D:2      | Reached skill level 1 in Staves
  1087 | D:2      | Reached skill level 1 in Slings
  1087 | D:2      | Reached skill level 1 in Bows
  1087 | D:2      | Reached skill level 1 in Crossbows
  1087 | D:2      | Reached skill level 1 in Throwing
  1087 | D:2      | Reached skill level 1 in Stealth
  1087 | D:2      | Reached skill level 1 in Shields
  1087 | D:2      | Reached skill level 1 in Unarmed Combat
  1087 | D:2      | Reached skill level 1 in Spellcasting
  1087 | D:2      | Reached skill level 1 in Evocations
  1383 | D:2      | XOM: 9-stop teleportation journey
  1486 | D:2      | Reached XP level 4. HP: 41/41 MP: 5/5
  1626 | D:2      | XOM: silly message
  2050 | D:3      | Noticed a black bear
  2064 | D:3      | Killed a black bear
  2065 | D:3      | Reached skill level 1 in Conjurations
  2065 | D:3      | Reached skill level 1 in Hexes
  2065 | D:3      | Reached skill level 1 in Summonings
  2065 | D:3      | Reached skill level 1 in Necromancy
  2065 | D:3      | Reached skill level 1 in Translocations
  2065 | D:3      | Reached skill level 1 in Transmutations
  2065 | D:3      | Reached skill level 1 in Fire Magic
  2065 | D:3      | Reached skill level 1 in Ice Magic
  2065 | D:3      | Reached skill level 1 in Air Magic
  2065 | D:3      | Reached skill level 1 in Earth Magic
  2065 | D:3      | Reached skill level 1 in Poison Magic
  2065 | D:3      | Reached XP level 5. HP: 33/47 MP: 5/7
  2242 | D:3      | Identified the +0 leather armour of Paveuf {rElec Dex+3
                  | Stlth+}
  2524 | D:4      | XOM: butterfly on damage
  2528 | D:4      | Slain by a goblin

Illustrated notes

Levels and vault maps discovered:
D:1:      beargit_arrival_diablo_church, layout_basic, serial_shops,
          nicolae_shop_behind_doors, basic_ecumenical_altar, minmay_tromino_v7
D:2:      layout_basic
D:3:      layout_basic
D:4:      layout_cave_pools, nrook_loot_triangle, kennysheep_generic_room_15,
          uniq_eustachio

Skill      XL: |  1  2  3  4 |
---------------+-------------+-----
Invocations    | 1 |  1.6
Long Blades    | 1 |  1.4
Axes           | 1 |  1.4
Maces & Flails | 1 |  1.4
Polearms       | 1 |  1.4
Staves         | 1 |  1.4
Slings         | 1 |  1.4
Bows           | 1 |  1.4
Crossbows      | 1 |  1.4
Throwing       | 1 |  1.4
Stealth        | 1 |  1.4
Shields        | 1 |  1.4
Unarmed Combat | 1 |  1.4
Spellcasting   | 1 |  1.4
Evocations     | 1 |  1.4
Dodging        | 3 |  3.0
Conjurations   | 1 |  1.1
Hexes          | 1 |  1.1
Summonings     | 1 |  1.1
Necromancy     | 1 |  1.1
Translocations | 1 |  1.1
Transmutations | 1 |  1.1
Fire Magic     | 1 |  1.1
Ice Magic      | 1 |  1.1
Air Magic      | 1 |  1.1
Earth Magic    | 1 |  1.1
Poison Magic   | 1 |  1.1
Fighting       | |  6.7
Short Blades   | |  6.7
Armour         | |  4.8

Action                   |  1- 3 |  4- 6 || total
-------------------------+-------+-------++-------
Melee: Short sword       |   141 |    38 ||   179
       Bite              |    17 |     8 ||    25
       Punch             |     2 |       ||     2
 Stab: Petrifying        |     1 |       ||     1
       Sleeping          |       |     1 ||     1
Armor: Leather armour    |    50 |    22 ||    72
Dodge: Dodged            |    96 |    37 ||   133
